[Event "Asian Continental-ch Open 2019"]
[Site "XingTai"]
[Date "2019.06.11"]
[Round "5.1"]
[White "Firouzja, Alireza"]
[Black "Karthikeyan, Murali"]
[Result "0-1"]
[ECO "E90"]
[WhiteElo "2682"]
[BlackElo "2593"]
[Annotator "RC"]
[PlyCount "104"]
[EventDate "2019.06.06"]
[EventType "swiss"]
[EventCountry "CHN"]
[SourceTitle "playchess.com"]
[Source "ChessBase"]
[SourceQuality "1"]
[TimeControl "40/5400+30:1800+30"]

1. d4 Nf6 2. c4 g6 3. Nc3 Bg7 4. e4 d6 5. h3 O-O 6. Be3 c5 7. Nf3 Qa5 8. Nd2 cxd4 9. Nb3 Qxc3+ 10. bxc3 dxe3 11. f3 Nh5 12. Qc1 Bh6 13. g4 Nf4 14. Kd1 Ne6 15. Kc2 Nc6 16. h4 Bf4 17. Qd1 Ne5 18. Nc1 Bd7 19. a4 Rac8 20. Ne2 Bh6 21. g5 Bg7 22. Bh3 Nxf3 23. Qd3 Ne5 24. Qxe3 Nxc4 25. Qf2 Rc5 26. Rhb1 Bc6 27. Bg2 f5 28. gxf6 Bxf6 29. Rf1 Bxc3 30. Qxc5 Nxc5 31. Rxf8+ Kxf8 32. Kxc3 Ne5 33. a5 Nxe4+ 34. Bxe4 Bxe4 35. Nd4 Bd5 36. Nb5 a6 37. Nc7 Bc6 38. Rf1+ Kg7 39. Ne6+ Kh6 40. Rf8 Kh5 41. Rh8 h6 42. Rh7 Kxh4 43. Rxh6+ Kg4 44. Nd4 Kg5 45. Rh2 Bd5 46. Re2 Kf4 47. Rf2+ Nf3 48. Re2 e5 49. Nc2 Be4 50. Ne3 d5 51. Kb4 Nd4 52. Re1 Kf3 0-1

[Event "Asian Continental-ch Open 2019"]
[Site "XingTai"]
[Date "2019.06.11"]
[Round "5.10"]
[White "Maghsoodloo, Parham"]
[Black "Wan, Yunguo"]
[Result "1/2-1/2"]
[ECO "A30"]
[WhiteElo "2665"]
[BlackElo "2531"]
[Annotator "RC"]
[PlyCount "208"]
[EventDate "2019.06.06"]
[EventType "swiss"]
[EventCountry "CHN"]
[SourceTitle "playchess.com"]
[Source "ChessBase"]
[SourceQuality "1"]
[TimeControl "40/5400+30:1800+30"]

1. c4 Nf6 2. Nf3 g6 3. b3 Bg7 4. Bb2 c5 5. g3 b6 6. Bg2 Bb7 7. O-O O-O 8. d4 cxd4 9. Qxd4 d6 10. Rd1 Nbd7 11. Ne1 Qb8 12. Nc3 Ne4 13. Qe3 Nxc3 14. Bxc3 Bxc3 15. Qxc3 Nf6 16. Qe3 Re8 17. a4 Bxg2 18. Nxg2 Qb7 19. Nf4 Rac8 20. f3 Rc5 21. Qd2 a6 22. e4 Rec8 23. Nd3 R5c7 24. Qe3 Nd7 25. Nb4 Nf6 26. Kg2 Rc5 27. Rd2 Ra5 28. Rda2 Qc7 29. Qd2 Qd8 30. Rc1 Nd7 31. Rb2 Ne5 32. Rbc2 h5 33. h3 Kh7 34. g4 h4 35. g5 e6 36. f4 Nc6 37. Rd1 Nxb4 38. Qxb4 Rac5 39. Rcd2 R8c6 40. Kf3 e5 41. Rd5 Qc8 42. Kg2 exf4 43. Qe1 f3+ 44. Kh2 b5 45. Qxh4+ Kg8 46. Qf4 bxc4 47. bxc4 Rxd5 48. Rxd5 Rxc4 49. Rxd6 Rc2+ 50. Kg3 f2 51. Rd3 Qe8 52. Kg2 Re2 53. Rd4 Qe6 54. Qf6 Qxf6 55. gxf6 g5 56. Kf1 Ra2 57. e5 Kh7 58. Rg4 Kh6 59. h4 Rb2 60. Rxg5 Rb4 61. Rf5 Kg6 62. Rg5+ Kh6 63. Rg7 Re4 64. Rxf7 Rxe5 65. Ra7 a5 66. Kxf2 Kg6 67. f7 Kg7 68. Kf3 Rc5 69. Kf2 Kf8 70. Kg2 Rh5 71. Kg3 Rc5 72. Kf3 Rc3+ 73. Ke2 Rc5 74. Kd3 Rh5 75. Kc4 Kg7 76. Rc7 Kf8 77. Rd7 Kg7 78. f8=Q+ Kxf8 79. Rd5 Rxh4+ 80. Kb5 Ke7 81. Kxa5 Ke6 82. Rd1 Rh2 83. Kb4 Rb2+ 84. Kc4 Rc2+ 85. Kb4 Rb2+ 86. Kc4 Rc2+ 87. Kb3 Rc6 88. a5 Rd6 89. Ra1 Ra6 90. Kb4 Kd7 91. Kb5 Ra8 92. a6 Rb8+ 93. Ka5 Rh8 94. Rc1 Rh2 95. a7 Ra2+ 96. Kb6 Rb2+ 97. Kc5 Ra2 98. Rh1 Kc8 99. Rh7 Ra1 100. Re7 Rc1+ 101. Kd5 Rd1+ 102. Kc4 Ra1 103. Rg7 Ra2 104. Kb5 Rb2+ 1/2-1/2

[Event "Asian Continental-ch Open 2019"]
[Site "XingTai"]
[Date "2019.06.12"]
[Round "6.8"]
[White "Zeng, Chongsheng"]
[Black "Vidit, Santosh Gujrathi"]
[Result "0-1"]
[ECO "C58"]
[WhiteElo "2561"]
[BlackElo "2707"]
[Annotator "RC"]
[PlyCount "124"]
[EventDate "2019.06.06"]
[EventType "swiss"]
[EventCountry "CHN"]
[SourceTitle "playchess.com"]
[Source "ChessBase"]
[SourceQuality "1"]
[TimeControl "40/5400+30:1800+30"]

1. e4 e5 2. Nf3 Nc6 3. Bc4 Nf6 4. Ng5 d5 5. exd5 Na5 6. d3 h6 7. Nf3 e4 8. Qe2 Nxc4 9. dxc4 Bc5 10. Nfd2 O-O 11. Nb3 Bg4 12. Qf1 Bb4+ 13. c3 Be7 14. h3 Bh5 15. Be3 Nd7 16. g4 Bg6 17. N1d2 Ne5 18. O-O-O Nd3+ 19. Kb1 b5 20. Nd4 bxc4 21. Nc6 Qd7 22. Nxc4 Bf6 23. f4 exf3 24. Rxd3 Qxd5 25. N4e5 Be4 26. Ka1 Qe6 27. Bf4 Bxd3 28. Qxd3 Bxe5 29. Nxe5 f5 30. Qxf3 fxg4 31. Qg3 Rae8 32. Nxg4 h5 33. Ne5 Rxf4 34. Qxf4 Qxe5 35. Qf1 Qe2 36. Qc1 a5 37. a3 a4 38. Qf4 Qe4 39. Rf1 Re7 40. Qg5 h4 41. Rd1 Rf7 42. Qc5 Kh7 43. Ka2 Qe6+ 44. c4 Qf5 45. Qb5 Qxb5 46. cxb5 g5 47. Rd4 Rf3 48. Rxa4 Rxh3 49. Rc4 Rd3 50. Rxc7+ Kg6 51. b6 Rd8 52. a4 h3 53. a5 h2 54. Rc1 g4 55. b7 g3 56. a6 g2 57. a7 h1=Q 58. Rc6+ Kf5 59. b8=Q g1=Q 60. Rf6+ Kxf6 61. Qxd8+ Kg7 62. Qe7+ Kh8 0-1

[Event "Asian Continental-ch Open 2019"]
[Site "XingTai"]
[Date "2019.06.12"]
[Round "6.12"]
[White "Wan, Yunguo"]
[Black "Vaibhav, Suri"]
[Result "0-1"]
[ECO "C11"]
[WhiteElo "2531"]
[BlackElo "2599"]
[Annotator "ChessBase"]
[PlyCount "70"]
[EventDate "2019.06.06"]
[EventType "swiss"]
[EventCountry "CHN"]
[SourceTitle "playchess.com"]
[Source "ChessBase"]
[SourceQuality "1"]
[TimeControl "40/5400+30:1800+30"]

1. e4 e6 2. d4 d5 3. Nc3 Nf6 4. e5 Nfd7 5. f4 c5 6. Nf3 Nc6 7. Be3 Be7 8. Qd2 O-O 9. dxc5 Qa5 10. O-O-O b6 11. Bb5 Nb4 12. a3 bxc5 13. Bxd7 Bxd7 14. axb4 cxb4 15. Nb1 Rfc8 16. Nd4 Qa2 17. Qd3 a5 18. Nb5 Bxb5 19. Qxb5 a4 20. Bd4 Rc4 21. Rd2 Rac8 22. Rf1 a3 23. Qb7 Bf8 24. c3 Qa1 25. bxa3 bxc3 26. Rc2 Bxa3+ 27. Kd1 Bb2 28. Ke2 Qa4 29. Rxc3 Bxc3 30. Bxc3 Rxc3 31. Nxc3 Qc2+ 32. Ke1 Rxc3 33. Qb8+ Rc8 34. Qb4 Ra8 35. Qd4 Ra2 0-1

[Event "Asian Continental-ch Open 2019"]
[Site "XingTai"]
[Date "2019.06.12"]
[Round "6.13"]
[White "Vishnu Prasanna. V"]
[Black "Idani, Pouya"]
[Result "0-1"]
[ECO "A01"]
[WhiteElo "2511"]
[BlackElo "2597"]
[Annotator "ChessBase"]
[PlyCount "50"]
[EventDate "2019.06.06"]
[EventType "swiss"]
[EventCountry "CHN"]
[SourceTitle "playchess.com"]
[Source "ChessBase"]
[SourceQuality "1"]
[TimeControl "40/5400+30:1800+30"]

1. c4 f5 2. b3 e5 3. Bb2 Nc6 4. e3 Nf6 5. Nc3 Be7 6. Nd5 O-O 7. a3 d6 8. Nxe7+ Qxe7 9. b4 f4 10. Be2 Qf7 11. Nf3 fxe3 12. dxe3 Qg6 13. b5 Ne7 14. c5 Ne4 15. cxd6 Qxg2 16. Qb3+ Kh8 17. dxe7 Qxh1+ 18. Bf1 Be6 19. exf8=Q+ Rxf8 20. Qc2 Qxf3 21. Bxe5 Nxf2 22. Bd4 Qg4 23. Be5 Ne4 24. Bf4 Qh4+ 25. Kd1 Qf6 0-1

[Event "Asian Continental-ch Open 2019"]
[Site "XingTai"]
[Date "2019.06.12"]
[Round "6.14"]
[White "Zou, Chen"]
[Black "Yakubboev, Nodirbek"]
[Result "0-1"]
[ECO "A80"]
[WhiteElo "2415"]
[BlackElo "2587"]
[Annotator "ChessBase"]
[PlyCount "56"]
[EventDate "2019.06.06"]
[EventType "swiss"]
[EventCountry "CHN"]
[SourceTitle "playchess.com"]
[Source "ChessBase"]
[SourceQuality "1"]
[TimeControl "40/5400+30:1800+30"]

1. d4 f5 2. Bg5 h6 3. Bh4 g5 4. e3 Nf6 5. Bg3 d6 6. Nd2 Nc6 7. h4 g4 8. Bb5 a6 9. Ba4 b5 10. Bb3 Na5 11. Ne2 Nxb3 12. Nxb3 Bg7 13. Qd3 O-O 14. O-O-O a5 15. d5 Qe8 16. Nf4 Qf7 17. Nd2 b4 18. f3 c6 19. e4 fxe4 20. fxe4 Ba6 21. Nc4 cxd5 22. exd5 Rfc8 23. b3 a4 24. Qe2 axb3 25. cxb3 Bxc4 26. bxc4 b3 27. Qd3 bxa2 28. Kd2 Nd7 0-1

[Event "Asian Continental-ch Open 2019"]
[Site "XingTai"]
[Date "2019.06.12"]
[Round "6.16"]
[White "Aryan Chopra"]
[Black "Ma, Zhonghan"]
[Result "1-0"]
[ECO "B90"]
[WhiteElo "2553"]
[BlackElo "2488"]
[Annotator "ChessBase"]
[PlyCount "47"]
[EventDate "2019.06.06"]
[EventType "swiss"]
[EventCountry "CHN"]
[SourceTitle "playchess.com"]
[Source "ChessBase"]
[SourceQuality "1"]
[TimeControl "40/5400+30:1800+30"]

1. e4 c5 2. Nf3 d6 3. d4 cxd4 4. Nxd4 Nf6 5. Nc3 a6 6. h4 e5 7. Nb3 Be6 8. f4 exf4 9. Bxf4 Nc6 10. h5 h6 11. Qd2 d5 12. O-O-O Nxe4 13. Nxe4 dxe4 14. Qe3 Qc8 15. Qxe4 Be7 16. Bd3 Nb4 17. Nd4 Nxa2+ 18. Kb1 Nb4 19. Nxe6 Qxe6 20. Qxe6 fxe6 21. Bg6+ Kf8 22. Rhf1 Nd5 23. Rxd5 exd5 24. Bd6+ 1-0

[Event "Asian Continental-ch Open 2019"]
[Site "XingTai"]
[Date "2019.06.12"]
[Round "6.17"]
[White "Xu, Yi"]
[Black "Laylo, Darwin"]
[Result "1/2-1/2"]
[ECO "B01"]
[WhiteElo "2526"]
[BlackElo "2433"]
[Annotator "ChessBase"]
[PlyCount "88"]
[EventDate "2019.06.06"]
[EventType "swiss"]
[EventCountry "CHN"]
[SourceTitle "playchess.com"]
[Source "ChessBase"]
[SourceQuality "1"]
[TimeControl "40/5400+30:1800+30"]

1. e4 d5 2. exd5 Qxd5 3. Nc3 Qd6 4. d4 Nf6 5. Nf3 a6 6. g3 Bg4 7. h3 Bh5 8. Bg2 Nc6 9. O-O O-O-O 10. Bf4 Qb4 11. g4 Bg6 12. a3 Qxb2 13. Qe1 e6 14. Ne5 Nd5 15. Nxd5 exd5 16. Nxc6 bxc6 17. Bg5 f6 18. Qe6+ Rd7 19. Rab1 Qxc2 20. Bf4 Bd6 21. Bxd6 Re8 22. Rb8+ Kxb8 23. Qxd7 cxd6 24. h4 Re2 25. Bf3 Rd2 26. Re1 Be4 27. Qxd6+ Kb7 28. Qb4+ Ka7 29. Qe7+ Kb6 30. Qb4+ Ka7 31. a4 Qb2 32. Qe7+ Qb7 33. Qc5+ Qb6 34. Qe7+ Qb7 35. Qc5+ Qb6 36. Bxe4 Qxc5 37. dxc5 dxe4 38. Rxe4 Rd7 39. Kg2 Kb7 40. Kg3 Kc7 41. f3 Rd5 42. Re7+ Rd7 43. Re8 Rd8 44. Re1 Rd5 1/2-1/2

[Event "Asian Continental-ch Open 2019"]
[Site "XingTai"]
[Date "2019.06.13"]
[Round "7.11"]
[White "Chanda, Sandipan"]
[Black "Aravindh, Chithambaram VR."]
[Result "1/2-1/2"]
[ECO "B07"]
[WhiteElo "2511"]
[BlackElo "2598"]
[Annotator "ChessBase"]
[PlyCount "300"]
[EventDate "2019.06.06"]
[EventType "swiss"]
[EventCountry "CHN"]
[SourceTitle "playchess.com"]
[Source "ChessBase"]
[SourceQuality "1"]
[TimeControl "40/5400+30:1800+30"]

1. d4 Nf6 2. Nf3 g6 3. Nbd2 Bg7 4. e4 d6 5. Be2 O-O 6. O-O c6 7. c3 Qc7 8. Qc2 Nbd7 9. a4 e5 10. dxe5 Nxe5 11. Nxe5 dxe5 12. a5 Be6 13. Bc4 Bxc4 14. Nxc4 b5 15. axb6 axb6 16. Be3 b5 17. Nd2 Nd7 18. c4 bxc4 19. Qxc4 Qb7 20. b3 Rfc8 21. Ra4 Nf8 22. Rc1 Ne6 23. Rxa8 Qxa8 24. b4 Rb8 25. Qxc6 Qxc6 26. Rxc6 Rxb4 27. Rc8+ Bf8 28. g3 f6 29. f4 exf4 30. gxf4 Kf7 31. f5 gxf5 32. exf5 Rg4+ 33. Kf2 Ng7 34. Bh6 Bd6 35. h3 Rd4 36. Nf3 Rd5 37. Bxg7 Kxg7 38. Rc6 Bc5+ 39. Kg3 Rxf5 40. Rc7+ Kh6 41. Rc6 Be7 42. Nh4 Ra5 43. Ng2 Kg5 44. h4+ Kg6 45. Kg4 h5+ 46. Kf3 Ra3+ 47. Ke4 Ra4+ 48. Kf3 Rd4 49. Nf4+ Kf5 50. Nxh5 Rxh4 51. Ng3+ Kg6 52. Re6 Ba3 53. Re4 Rh8 54. Rg4+ Kf7 55. Ra4 Bb2 56. Ra7+ Kg6 57. Kg4 Rb8 58. Ra4 Rb5 59. Ne2 f5+ 60. Kf3 Rb3+ 61. Kg2 Be5 62. Nf4+ Kg5 63. Nh3+ Kf6 64. Ra6+ Ke7 65. Ng1 Rb2+ 66. Kf3 Bc7 67. Ne2 Be5 68. Ng1 Kf7 69. Ke3 Rb3+ 70. Kd2 f4 71. Rc6 f3 72. Nh3 Bf6 73. Rc4 Ke6 74. Nf4+ Kf5 75. Nd3 Bg5+ 76. Kc2 Rb5 77. Rc8 Kg4 78. Kc3 Rf5 79. Rc4+ Kh3 80. Kd4 Rf8 81. Rc7 Rg8 82. Ke4 Kg3 83. Rc3 Bf6 84. Rb3 Re8+ 85. Kf5 Bd4 86. Rb4 Rf8+ 87. Ke4 Bc5 88. Rb7 Re8+ 89. Kf5 Bd4 90. Rb4 Rd8 91. Rb3 Rf8+ 92. Ke4 Bh8 93. Rb6 Rg8 94. Rh6 Ba1 95. Ra6 Bc3 96. Rc6 Bd2 97. Rb6 Rg7 98. Rb3 Bf4 99. Ne5 Bxe5 100. Rxf3+ Kg4 101. Rd3 Re7 102. Rd5 Bf6+ 103. Kd3 Kf4 104. Rc5 Rd7+ 105. Kc4 Ke4 106. Rb5 Bd4 107. Kb3 Kd3 108. Kb4 Rc7 109. Kb3 Rc4 110. Rb7 Rc1 111. Rb5 Bc5 112. Ka4 Kd4 113. Rb3 Kc4 114. Rb4+ Kd5 115. Rb3 Kc6 116. Rd3 Rb1 117. Rc3 Rb2 118. Rc4 Rb7 119. Rc3 Rb8 120. Rc2 Rb4+ 121. Ka3 Kd5 122. Rb2 Rb8+ 123. Ka2 Ra8+ 124. Kb3 Bd4 125. Ra2 Rb8+ 126. Kc2 Ke4 127. Kd2 Rh8 128. Rc2 Rh3 129. Ke2 Bc3 130. Kd1 Rh1+ 131. Ke2 Kd4 132. Kf3 Kd3 133. Rg2 Be5 134. Kg4 Rf1 135. Kg5 Bd4 136. Rg4 Kc4 137. Rf4 Re1 138. Kf5 Kd5 139. Rg4 Be5 140. Rg2 Rf1+ 141. Kg4 Rf4+ 142. Kg5 Ke6 143. Rg4 Rf8 144. Kg6 Bf4 145. Kh5 Rf5+ 146. Kg6 Rf6+ 147. Kg7 Bh6+ 148. Kh7 Kf5 149. Rg1 Re6 150. Rg2 Be3 1/2-1/2

[Event "Asian Continental-ch Open 2019"]
[Site "XingTai"]
[Date "2019.06.13"]
[Round "7.16"]
[White "Vignesh N R"]
[Black "Wan, Yunguo"]
[Result "1-0"]
[ECO "B30"]
[WhiteElo "2459"]
[BlackElo "2531"]
[Annotator "RC"]
[PlyCount "63"]
[EventDate "2019.06.06"]
[EventType "swiss"]
[EventCountry "CHN"]
[SourceTitle "playchess.com"]
[Source "ChessBase"]
[SourceQuality "1"]
[TimeControl "40/5400+30:1800+30"]

1. e4 c5 2. Nf3 Nc6 3. Nc3 Nf6 4. Bb5 Nd4 5. e5 Nxb5 6. Nxb5 Nd5 7. Ng5 f5 8. O-O a6 9. Nc3 Nxc3 10. dxc3 e6 11. Qf3 Be7 12. Qh5+ g6 13. Qh6 Bf8 14. Qh3 Be7 15. Qg3 b5 16. Rd1 Qc7 17. h4 Bb7 18. Bf4 Bd5 19. Nxh7 O-O-O 20. Nf6 Bb7 21. f3 c4 22. Rd2 d6 23. Rad1 Qc5+ 24. Kf1 Bc6 25. Qxg6 Rxh4 26. Ng8 Bf8 27. Bg3 Rh8 28. Qxe6+ Bd7 29. Ne7+ Bxe7 30. Qxe7 Qe3 31. Bh4 Qh6 32. Bg5 1-0

[Event "Asian Continental-ch Open 2019"]
[Site "XingTai"]
[Date "2019.06.14"]
[Round "8.1"]
[White "Sethuraman, S.P."]
[Black "Gupta, Abhijeet"]
[Result "1-0"]
[ECO "D92"]
[WhiteElo "2613"]
[BlackElo "2606"]
[Annotator "ChessBase"]
[PlyCount "145"]
[EventDate "2019.06.06"]
[EventType "swiss"]
[EventCountry "CHN"]
[SourceTitle "playchess.com"]
[Source "ChessBase"]
[SourceQuality "1"]
[TimeControl "40/5400+30:1800+30"]

1. d4 Nf6 2. c4 g6 3. Nc3 d5 4. Bf4 Bg7 5. e3 O-O 6. Rc1 c5 7. dxc5 Be6 8. Nf3 Nc6 9. Be2 dxc4 10. Ng5 Nd5 11. Nxe6 fxe6 12. Bxc4 Bxc3+ 13. bxc3 Nxf4 14. exf4 Qxd1+ 15. Rxd1 Rxf4 16. Bxe6+ Kg7 17. O-O Rd8 18. Bd5 Na5 19. Rfe1 Kf8 20. g3 Rf6 21. h4 Rd7 22. Be4 Ke8 23. Rxd7 Kxd7 24. Rd1+ Kc7 25. Rd5 Re6 26. f3 Nc6 27. h5 Ne5 28. hxg6 hxg6 29. Kg2 Nd7 30. Rg5 Nf8 31. a4 Ra6 32. Bc2 Ra5 33. f4 Nd7 34. c6 Rxg5 35. fxg5 Nf8 36. cxb7 Kxb7 37. Kf3 Kc6 38. Ke4 Kc5 39. Bb3 Nh7 40. Kf4 Kd6 41. Bf7 e5+ 42. Kg4 Nf8 43. Kf3 Ke7 44. Bg8 Nd7 45. Ke4 Kd6 46. a5 Nc5+ 47. Ke3 Nb7 48. Bf7 Nxa5 49. Bxg6 Nb7 50. Ke4 Nc5+ 51. Kf5 a5 52. Bh5 a4 53. g6 Ne6 54. Bd1 a3 55. Bb3 Ng7+ 56. Ke4 Nh5 57. g4 Ng7 58. Ba2 Ne8 59. c4 Ke6 60. c5+ Kf6 61. Bf7 Ng7 62. c6 Ne8 63. g5+ Kg7 64. Kxe5 Nc7 65. Kd6 Na6 66. Ke7 Nb8 67. c7 Nc6+ 68. Kd6 Na7 69. Kc5 Nc8 70. Kb4 Nd6 71. Kb3 Kf8 72. Be6 Kg7 73. Bf5 1-0

[Event "Asian Continental-ch Open 2019"]
[Site "XingTai"]
[Date "2019.06.14"]
[Round "8.9"]
[White "Idani, Pouya"]
[Black "Nihal Sarin"]
[Result "1/2-1/2"]
[ECO "C67"]
[WhiteElo "2597"]
[BlackElo "2606"]
[Annotator "ChessBase"]
[PlyCount "73"]
[EventDate "2019.06.06"]
[EventType "swiss"]
[EventCountry "CHN"]
[SourceTitle "playchess.com"]
[Source "ChessBase"]
[SourceQuality "1"]
[TimeControl "40/5400+30:1800+30"]

1. e4 e5 2. Nf3 Nc6 3. Bb5 Nf6 4. O-O Nxe4 5. Re1 Nd6 6. Nxe5 Be7 7. Bf1 Nxe5 8. Rxe5 O-O 9. d4 Bf6 10. Re1 Re8 11. Rxe8+ Nxe8 12. d5 d6 13. c3 c6 14. Na3 Nc7 15. dxc6 bxc6 16. Be3 Ne6 17. Qd2 d5 18. Rd1 Bb7 19. Nc2 c5 20. b4 Rc8 21. bxc5 Nxc5 22. Bxc5 Rxc5 23. Nd4 g6 24. Re1 Bc8 25. Qe3 Rc7 26. Qf3 Kg7 27. h3 a6 28. Rd1 Qe7 29. Rd3 Qa3 30. Qg3 Re7 31. Qf4 Be5 32. Qd2 Bf6 33. Nc6 Rc7 34. Nd4 Bxd4 35. cxd4 Qc1 36. Qe2 Qf4 37. Rd1 1/2-1/2

[Event "Asian Continental-ch Open 2019"]
[Site "XingTai"]
[Date "2019.06.14"]
[Round "8.10"]
[White "Vaibhav, Suri"]
[Black "Sengupta, Deep"]
[Result "1/2-1/2"]
[ECO "C54"]
[WhiteElo "2599"]
[BlackElo "2559"]
[Annotator "ChessBase"]
[PlyCount "67"]
[EventDate "2019.06.06"]
[EventType "swiss"]
[EventCountry "CHN"]
[SourceTitle "playchess.com"]
[Source "ChessBase"]
[SourceQuality "1"]
[TimeControl "40/5400+30:1800+30"]

1. e4 e5 2. Nf3 Nc6 3. Bc4 Nf6 4. d3 Bc5 5. O-O a6 6. c3 Ba7 7. a4 d6 8. Re1 h6 9. Nbd2 O-O 10. h3 Ne7 11. Bb3 Ng6 12. d4 Re8 13. Bc2 Be6 14. Nf1 c6 15. Ng3 Qc7 16. Be3 Rad8 17. Qc1 Bb8 18. a5 Qd7 19. Qd2 d5 20. Nxe5 Nxe5 21. dxe5 dxe4 22. Qxd7 Nxd7 23. Nxe4 Bxe5 24. Ra4 Bd5 25. Rd1 f5 26. Nd2 Rf8 27. Nc4 f4 28. Bc1 Bc7 29. Nb6 Nxb6 30. axb6 Bxb6 31. Rb4 Bc5 32. Rxb7 Rde8 33. Bd3 a5 34. c4 1/2-1/2

[Event "Asian Continental-ch Open 2019"]
[Site "XingTai"]
[Date "2019.06.14"]
[Round "8.11"]
[White "Aravindh, Chithambaram VR."]
[Black "Sadhwani, Raunak"]
[Result "1-0"]
[ECO "B12"]
[WhiteElo "2598"]
[BlackElo "2482"]
[Annotator "ChessBase"]
[PlyCount "71"]
[EventDate "2019.06.06"]
[EventType "swiss"]
[EventCountry "CHN"]
[SourceTitle "playchess.com"]
[Source "ChessBase"]
[SourceQuality "1"]
[TimeControl "40/5400+30:1800+30"]

1. e4 c6 2. d4 d5 3. Bd3 dxe4 4. Bxe4 Nf6 5. Bf3 Bf5 6. g4 Bg6 7. Ne2 Nbd7 8. Nbc3 e5 9. g5 Nd5 10. Ne4 Be7 11. h4 f5 12. N4g3 O-O 13. c4 Nb4 14. O-O f4 15. Ne4 h6 16. Qb3 hxg5 17. hxg5 c5 18. Rd1 exd4 19. Nxf4 Ne5 20. Bg2 d3 21. Qc3 Qd4 22. Nxg6 Nxg6 23. Rb1 Rad8 24. Be3 Qxc3 25. bxc3 Nc2 26. Rxb7 Nxe3 27. fxe3 Rfe8 28. Rxa7 Ne5 29. Nf2 Bxg5 30. Bd5+ Rxd5 31. cxd5 Bxe3 32. Kg2 d2 33. d6 Nc4 34. Re7 Rd8 35. d7 Kf8 36. Re4 1-0

[Event "Asian Continental-ch Open 2019"]
[Site "XingTai"]
[Date "2019.06.14"]
[Round "8.12"]
[White "Yakubboev, Nodirbek"]
[Black "Chanda, Sandipan"]
[Result "1/2-1/2"]
[ECO "A85"]
[WhiteElo "2587"]
[BlackElo "2511"]
[Annotator "ChessBase"]
[PlyCount "74"]
[EventDate "2019.06.06"]
[EventType "swiss"]
[EventCountry "CHN"]
[SourceTitle "playchess.com"]
[Source "ChessBase"]
[SourceQuality "1"]
[TimeControl "40/5400+30:1800+30"]

1. d4 f5 2. c4 Nf6 3. Nc3 e6 4. Nf3 Bb4 5. Bd2 O-O 6. g3 d5 7. Qb3 Be7 8. Bg2 c6 9. O-O Nbd7 10. Bf4 Nb6 11. Ne5 dxc4 12. Qd1 Nfd7 13. e4 Nxe5 14. Bxe5 Bd7 15. Qe2 Be8 16. Rad1 Bf7 17. f4 Bb4 18. g4 Bxc3 19. gxf5 exf5 20. bxc3 Qh4 21. d5 fxe4 22. dxc6 bxc6 23. Bxe4 Bd5 24. Bxd5+ cxd5 25. Qg2 Rf7 26. Rf3 Qh5 27. Rdf1 Nd7 28. Bd4 Nf6 29. Rg3 Qf5 30. Bxf6 Qxf6 31. Qxd5 Qb6+ 32. Rf2 Rd8 33. Qxc4 Rd2 34. Rgf3 Qg6+ 35. Kh1 Qb1+ 36. Kg2 Qg6+ 37. Kh1 Qb1+ 1/2-1/2

[Event "Asian Continental-ch Open 2019"]
[Site "XingTai"]
[Date "2019.06.14"]
[Round "8.13"]
[White "Xu, Xiangyu"]
[Black "Vignesh N R"]
[Result "1/2-1/2"]
[ECO "E90"]
[WhiteElo "2583"]
[BlackElo "2459"]
[Annotator "ChessBase"]
[PlyCount "64"]
[EventDate "2019.06.06"]
[EventType "swiss"]
[EventCountry "CHN"]
[SourceTitle "playchess.com"]
[Source "ChessBase"]
[SourceQuality "1"]
[TimeControl "40/5400+30:1800+30"]

1. d4 Nf6 2. c4 g6 3. Nc3 Bg7 4. e4 d6 5. Nf3 O-O 6. h3 e5 7. d5 a5 8. g4 Na6 9. Be3 Nd7 10. Rg1 Ndc5 11. h4 Kh8 12. g5 f5 13. gxf6 Qxf6 14. Be2 Nb4 15. Rg3 Bd7 16. Kf1 Qe7 17. a3 Nba6 18. Qc2 a4 19. Kg2 Bf6 20. Rh1 Rg8 21. Bh6 Nb3 22. Bd1 Nac5 23. Qe2 Bg7 24. Bg5 Bf6 25. Qe3 Nd4 26. Bh6 Nxf3 27. Qxf3 g5 28. hxg5 Bxg5 29. Bxg5 Rxg5 30. Qe3 Rag8 31. Rh5 Rxh5 32. Bxh5 Rxg3+ 1/2-1/2

[Event "Asian Continental-ch Open 2019"]
[Site "XingTai"]
[Date "2019.06.14"]
[Round "8.14"]
[White "Dai, Changren"]
[Black "Praggnanandhaa R"]
[Result "1-0"]
[ECO "B63"]
[WhiteElo "2480"]
[BlackElo "2537"]
[Annotator "ChessBase"]
[PlyCount "81"]
[EventDate "2019.06.06"]
[EventType "swiss"]
[EventCountry "CHN"]
[SourceTitle "playchess.com"]
[Source "ChessBase"]
[SourceQuality "1"]
[TimeControl "40/5400+30:1800+30"]

1. e4 c5 2. Nf3 Nc6 3. d4 cxd4 4. Nxd4 Nf6 5. Nc3 d6 6. Bg5 e6 7. Qd2 a6 8. O-O-O Be7 9. Bxf6 gxf6 10. f4 Nxd4 11. Qxd4 Qa5 12. Be2 Bd7 13. f5 h5 14. Bf3 Rc8 15. Kb1 b5 16. fxe6 fxe6 17. Ne2 b4 18. Nf4 Qg5 19. Qf2 h4 20. h3 Qc5 21. Qd2 a5 22. Bg4 Kf7 23. Rhf1 Rc7 24. Nd3 Qb5 25. Rf3 a4 26. Nxb4 Rc4 27. a3 Rxe4 28. Rd3 Qe5 29. Bf3 Rc4 30. Re1 Qa5 31. Qe2 Bf8 32. Re3 Rf4 33. Rxe6 Bxe6 34. Qxe6+ Kg7 35. Nd5 Rf5 36. Re2 Rhh5 37. Ne7 Bxe7 38. Qxe7+ Kh6 39. Qf8+ Kg6 40. Qg8+ Kh6 41. Re7 1-0

[Event "Asian Continental-ch Open 2019"]
[Site "XingTai"]
[Date "2019.06.14"]
[Round "8.15"]
[White "Akash G"]
[Black "Erigaisi Arjun"]
[Result "0-1"]
[ECO "B90"]
[WhiteElo "2404"]
[BlackElo "2526"]
[Annotator "ChessBase"]
[PlyCount "156"]
[EventDate "2019.06.06"]
[EventType "swiss"]
[EventCountry "CHN"]
[SourceTitle "playchess.com"]
[Source "ChessBase"]
[SourceQuality "1"]
[TimeControl "40/5400+30:1800+30"]

1. e4 c5 2. Nf3 d6 3. d4 cxd4 4. Nxd4 Nf6 5. Nc3 a6 6. h3 e5 7. Nde2 h5 8. g3 Be6 9. Bg2 Nbd7 10. a4 Rc8 11. Bg5 Be7 12. O-O Bc4 13. b3 Bxe2 14. Nxe2 b5 15. axb5 axb5 16. Qd3 Qb6 17. b4 O-O 18. c3 Rc4 19. g4 hxg4 20. hxg4 Rfc8 21. Be3 Qc6 22. f3 d5 23. g5 dxe4 24. fxe4 Nh7 25. Ra7 Rd8 26. g6 fxg6 27. Qd5+ Qxd5 28. exd5 Bg5 29. Bxg5 Nxg5 30. Rb7 e4 31. Rxb5 Ne5 32. Ra1 Ngf3+ 33. Kf2 Rf8 34. Kg3 e3 35. Nd4 Rxd4 36. cxd4 Nxd4 37. Rba5 Ne2+ 38. Kh3 Rf5 39. Ra8+ Kh7 40. Be4 Rh5+ 41. Kg2 Rg5+ 42. Kh2 Ng4+ 43. Kg2 Ne5+ 44. Kh2 Rg3 45. Rf8 Ng4+ 46. Kh1 Nf2+ 47. Kh2 Nxe4 48. d6 Nxd6 49. Re1 Rg4 50. Rxe2 Nf5 51. Re8 Rxb4 52. R8xe3 Nxe3 53. Rxe3 g5 54. Re6 Rf4 55. Kg3 Rf6 56. Re5 Kg6 57. Ra5 Rb6 58. Ra7 Rf6 59. Rb7 Rf7 60. Rb3 Kh5 61. Ra3 g6 62. Ra8 g4 63. Rb8 Rf3+ 64. Kg2 Kh4 65. Rh8+ Kg5 66. Ra8 Re3 67. Ra2 Kh4 68. Rb2 Re4 69. Ra2 g5 70. Rb2 g3 71. Ra2 Rf4 72. Ra1 Rf2+ 73. Kg1 Rb2 74. Rc1 Kh3 75. Ra1 g4 76. Rc1 Rb3 77. Kh1 g2+ 78. Kg1 Rf3 0-1

[Event "Asian Continental-ch Open 2019"]
[Site "XingTai"]
[Date "2019.06.14"]
[Round "8.16"]
[White "Karthik Venkataraman"]
[Black "Xu, Yi"]
[Result "1/2-1/2"]
[ECO "E20"]
[WhiteElo "2499"]
[BlackElo "2526"]
[Annotator "ChessBase"]
[PlyCount "65"]
[EventDate "2019.06.06"]
[EventType "swiss"]
[EventCountry "CHN"]
[SourceTitle "playchess.com"]
[Source "ChessBase"]
[SourceQuality "1"]
[TimeControl "40/5400+30:1800+30"]

1. d4 Nf6 2. c4 e6 3. Nf3 d5 4. Nc3 Bb4 5. g3 dxc4 6. Bg2 O-O 7. O-O Nc6 8. Qa4 Bd7 9. Ne5 Bxc3 10. Nxd7 Nxd7 11. bxc3 Nb6 12. Qb5 a6 13. Qc5 Qd6 14. Qxd6 cxd6 15. Rb1 Nd5 16. Rxb7 Rab8 17. Rxb8 Rxb8 18. Ba3 f5 19. Rc1 Rb6 20. Bxd6 Nxc3 21. Rxc3 Nxd4 22. Rxc4 Rxd6 23. e3 Nb5 24. Bf3 Rb6 25. a4 Nd6 26. Rc7 a5 27. Rc5 Rb1+ 28. Kg2 Rb2 29. h3 Kf7 30. g4 Kf6 31. Kg3 h5 32. gxh5 f4+ 33. exf4 1/2-1/2